 Dungeon Crawl Stone Soup version 0.28-a0-998-gb9e9c7b67e (webtiles) character file.

Game seed: 1043281488466770434

561250 AvatarAndi78 the Axe Maniac (level 25, 0/223 (243) HPs)
             Began as a Minotaur Berserker on Dec 1, 2021.
             Was an Elder of Trog.
             Killed from afar by a frost giant (15 damage)
             ... with a bolt of cold
             ... on level 5 of Cocytus on Dec 6, 2021.
             The game lasted 03:57:11 (68344 turns).

AvatarAndi78 the Axe Maniac (Minotaur Berserker)   Turns: 68344, Time: 03:57:12

HP:   0/223 (243)   AC: 51    Str: 36      XL:     25   Next: 35%
MP:   23/23         EV: 27    Int:  4      God:    Trog [****..]
Gold: 2134          SH: 23    Dex: 24 (29) Spells: 24/24 levels left

rFire   . . .      SeeInvis +   u - +9 war axe of Pealuzxyg {vorpal, Str+2}
rCold   + + .      Faith    .   P - +4 kite shield {reflect}
rNeg    . . .      Spirit   .   V - +9 crystal plate armour {rC+}
rPois   +          Reflect  +   K - +4 hat "Zubosh" {Dex+3}
rElec   .          Harm     .   g - +2 cloak {rCorr}
rCorr   +          Rampage  .   N - +1 pair of gloves
Will    +++..                   x - +2 pair of boots of the Twenty Seas {Dex+4}
Stlth   ..........              X - amulet "Afoe" {Acrobat +Inv rPois Str-4 Dex+9}
HPRegen 1.47/turn               O - ring of flight
MPRegen 0.18/turn               L - ring of the Illusory Violins {rC+ Str+7 Slay-3 SInv}

@: strong-willed, on berserk cooldown, acrobatic, flying, very slightly
contaminated, regenerating, slowed, studying 2 skills, drained, invisible
(expiring), frozen potions, very slow
A: horns 2, retaliatory headbutt, beak, sense surroundings 1
}: 3/15 runes: decaying, serpentine, silver
a: Renounce Religion, Evoke Invisibility, Berserk, Trog's Hand, Brothers in Arms


You were on level 5 of Cocytus.
You worshipped Trog.
Trog was greatly pleased with you.
You visited 12 branches of the dungeon, and saw 50 of its levels.
You also visited: Sewer, Bailey, Gauntlet and Ice Cave.

You collected 7093 gold pieces.
You spent 4959 gold pieces at shops.

Inventory:

Hand Weapons
 f - the +6 war axe "Romevy" {holy, Will+ Int+3 SInv}
   (You bought it in a shop on level 10 of the Dungeon)

   It has been blessed by the Shining One to cause great damage to the undead
   and demons.
   Int:       It affects your intelligence (+3).
   SInv:      It lets you see invisible.
   Will:      It increases your willpower.
 u - the +9 war axe of Pealuzxyg (weapon) {vorpal, Str+2}
   (You found it on level 3 of the Crypt)

   It inflicts extra damage upon your enemies.
   Str:       It affects your strength (+2).
 A - the +8 long sword "Lubilob" {spect, rN+ Str+4 Int+2 Dex-4}
   (You found it on level 3 of the Elven Halls)

   When its wielder attacks, the weapon's spirit leaps out and strikes again.
   The spirit shares a part of any damage it takes with its wielder.
   Str:       It affects your strength (+4).
   Int:       It affects your intelligence (+2).
   Dex:       It affects your dexterity (-4).
   rN:        It protects you from negative energy.
 Y - a +9 vorpal broad axe
Missiles
 r - 19 javelins
 y - 5 silver javelins
 G - 15 boomerangs (quivered)
Armour
 g - a +2 cloak of preservation (worn)
 x - the +2 pair of boots of the Twenty Seas (worn) {Dex+4}
   (You found it in a Gauntlet)

   Dex:       It affects your dexterity (+4).
 K - the +4 hat "Zubosh" (worn) {Dex+3}
   (You acquired it in a bailey)

   Dex:       It affects your dexterity (+3).
 N - a +1 pair of gloves (worn)
 P - a +4 kite shield of reflection (worn)
 V - a +9 crystal plate armour of cold resistance (worn)
Jewellery
 j - the ring of Hufurus {rPois rF+ Will+ Int+6}
   (You took it off a deep elf high priest on level 3 of the Elven Halls)

   [ring of intelligence]

   Int:       It affects your intelligence (+6).
   rF:        It protects you from fire.
   rPois:     It protects you from poison.
   Will:      It increases your willpower.
 q - the amulet of the Four Winds {rN+ Will+++ Clar}
   (You found it on level 3 of the Elven Halls)

   [amulet of nothing]

   rN:        It protects you from negative energy.
   Clar:      It protects you against confusion.
   Will:      It greatly increases your willpower.
 E - the ring of Surureg {rPois rN++ Str-5 Int+6 Dex+2}
   (You found it on level 3 of the Elven Halls)

   [ring of intelligence]

   Str:       It affects your strength (-5).
   Int:       It affects your intelligence (+6).
   Dex:       It affects your dexterity (+2).
   rPois:     It protects you from poison.
   rN:        It greatly protects you from negative energy.
 L - the ring of the Illusory Violins (right hand) {rC+ Str+7 Slay-3 SInv}
   (You took it off a minotaur in a Gauntlet)

   [ring of protection from cold]

   Str:       It affects your strength (+7).
   Slay:      It affects your accuracy & damage with ranged weapons and melee
   (-3).
   rC:        It protects you from cold.
   SInv:      It lets you see invisible.
 O - a ring of flight (left hand)
 Q - the ring "Egustrapt" {rN+ Will+ Str+4}
   (You found it on level 3 of the Crypt)

   [ring of positive energy]

   Str:       It affects your strength (+4).
   rN:        It protects you from negative energy.
   Will:      It increases your willpower.
 U - the ring of the Wild Haggis {rN+ Stlth+}
   (You found it on level 3 of the Crypt)

   [ring of positive energy]

   rN:        It protects you from negative energy.
   Stlth:     It makes you more stealthy.
 X - the amulet "Afoe" (around neck) {Acrobat +Inv rPois Str-4 Dex+9}
   (You acquired it on level 2 of the Orcish Mines)

   [amulet of the acrobat]

   It increases your evasion while moving and waiting.
   Str:       It affects your strength (-4).
   Dex:       It affects your dexterity (+9).
   rPois:     It protects you from poison.
   +Inv:      It lets you turn invisible.
 Z - the amulet of Heewia {RegenMP rPois Will+ Str+10 Stlth+}
   (You took it off a tengu reaver on level 4 of the Vaults)

   [amulet of magic regeneration]

   It increases your rate of magic regeneration.
   Str:       It affects your strength (+10).
   rPois:     It protects you from poison.
   Will:      It increases your willpower.
   Stlth:     It makes you more stealthy.
Wands
 p - a wand of mindburst (15)
 t - a wand of polymorph (28)
 w - a wand of charming (21)
 B - a wand of digging (16)
 D - a wand of paralysis (25)
 J - a wand of acid (11)
 M - a wand of flame (59)
 T - a wand of iceblast (12)
Scrolls
 a - 2 scrolls of brand weapon
 e - 2 scrolls of fog
 k - 7 scrolls of fear
 l - 4 scrolls of enchant weapon
 C - a scroll of silence
 H - 21 scrolls of teleportation
 R - 5 scrolls of magic mapping
Potions
 b - 10 potions of heal wounds
 c - 17 potions of curing
 h - 5 potions of ambrosia
 i - 2 potions of cancellation
 n - a potion of haste
 s - 4 potions of resistance
 v - a potion of invisibility
 z - 3 potions of might
Miscellaneous
 d - the horn of Geryon


   Skills:
 + Level 23.0 Fighting
 - Level 2.3(9.3) Short Blades
 * Level 15.1(15.2) Long Blades
 O Level 27 Axes
 - Level 13.9(22.0) Polearms
 + Level 2.7 Bows
 + Level 2.3 Crossbows
 * Level 20.2 Throwing
 + Level 21.8 Armour
 + Level 6.0 Dodging
 + Level 4.1 Stealth
 + Level 23.8 Shields
 + Level 3.1 Unarmed Combat
 + Level 2.1 Invocations
 + Level 2.8 Evocations


You had 24 spell levels left.
You didn't know any spells.
Your spell library was empty.

Dungeon Overview and Level Annotations

Branches:
Dungeon (15/15)            Temple (0/1) D:5            Lair (6/6) D:8
  Swamp (4/4) Lair:3        Snake (4/4) Lair:3        Slime (0/5) Lair:6
    Orc (2/2) D:12            Elf (3/3) Orc:2        Vaults (5/5) D:14
  Crypt (3/3) Vaults:3       Tomb (1/3) Crypt:3      Depths (2/4) D:15
   Hell (visited)             Dis (0/7) Hell            Geh (0/7) Hell
    Coc (3/7) Hell            Tar (0/7) Hell          Sewer (visited)
 Bailey (visited)           IceCv (visited)         Gauntlet (visited)

Altars:
Fedhas
Gozag
Kikubaaqudgha
Qazlal
Sif Muna
Trog
Uskayaw
Yredelemnul
Beogh

Shops:
D:1 =   D:10 (   D:11 ?   Orc:1 *   Orc:2 *[[(*   Elf:1 (*   Snake:1 ([
Snake:2 :=:   Vaults:1 ?   Vaults:2 *   Vaults:3 ?   Vaults:5 :
Depths:1 [***==

Portals:
Hell: Depths:1 Depths:2
Abyss: Depths:1 Depths:2
Pandemonium: Depths:1 Depths:2
Trove: D:10 (show abyssal rune of Zot)


Innate Abilities, Weirdness & Mutations

You have a pair of horns on your head.
You reflexively headbutt those who attack you in melee.
You have a beak for a mouth.
You passively map a small area around you.


Message History

Your quicksilver dragon simulacrum seems to slow down.
Your Ice Fiend claws the juggernaut simulacrum but does no damage.
Your Ice Fiend claws the juggernaut simulacrum!
The juggernaut simulacrum vaporises!
Trog accepts your kill.
You flicker for a moment.
Your Ice Fiend is asphyxiated!
Your Ice Fiend dies!
Your Ice Fiend dissolves into shadows!
The shard shrike closely misses your quicksilver dragon simulacrum.
The shard shrike claws you but does no damage.
The water elemental hits your quicksilver dragon simulacrum!
Your quicksilver dragon simulacrum bites the water elemental!
Your quicksilver dragon simulacrum freezes the water elemental!!!
The water elemental is destroyed!
The water elemental disappears in a puff of smoke!
The Ice Fiend gestures at you.
The bolt of cold hits the frost giant.
The frost giant resists.
The bolt of cold misses you.
The frost giant is engulfed in freezing vapours.
Your quicksilver dragon simulacrum bites the elemental wellspring!!
Your quicksilver dragon simulacrum freezes the elemental wellspring!!!
The elemental wellspring is destroyed!
Trog accepts your kill.
The water elemental disappears in a puff of smoke!
You have a vision of yourself being tormented eternally.
You feel clumsy. You block the shard shrike's attack.
The shard shrike spits a shard of ice at your quicksilver dragon simulacrum.
The shard of ice hits your quicksilver dragon simulacrum!!!
Your quicksilver dragon simulacrum partially resists.
Your quicksilver dragon simulacrum vaporises!
Water spirits pour forth from the elemental wellspring!
The Ice Fiend calls on the powers of darkness!
The frost giant convulses!
The shard shrike convulses!
Your body is wracked with pain!
* * * LOW HITPOINT WARNING * * *
The frost giant casts a spell at you. The bolt of cold hits you! You resist.
You die...

. #.≈≈≈≈......#
..##.≈≈≈≈≈....##...≈
....≈≈E§§.§........
* ,
..^≈≈≈≈§§§§≈.....#,
,
*..E≈≈E§1≈§E≈..≈..#
.
≈.≈.#≈§E≈≈☼..≈≈≈##..
≈
.#**##.R°°≈...≈#≈...
, ..####C°Wb≈≈≈≈≈..
....Z.≈≈≈°@.≈≈≈... ,
, ..#^.>≈≈≈≈.≈≈≈≈≈..
* ################ *


You could see a shard shrike, a frost giant, an Ice Fiend, a wendigo, 2
elemental wellsprings, a freezing wraith, 2 water elementals and a dire elephant
simulacrum (wandering).

Vanquished Creatures
  3 dread liches (Vaults:5)
  3 ancient liches
  Mara (Snake:3)
  A royal mummy (Tomb:1)
  8 shard shrikes
  Frederick (Vaults:5)
  Geryon (Hell)
  A golden dragon (Vaults:4)
  Jory (Vaults:3)
  Jorgrun (Snake:1)
  A hellephant (Vaults:3)
  A tentacled monstrosity (Vaults:5)
  A quicksilver dragon (Vaults:5)
  6 liches
  3 deep elf blademasters
  A deep elf master archer (Elf:3)
  10 sphinxes
  6 titans
  7 ancient champions
  Murray (Hell)
  Gastronok (Lair:1)
  Kirke (D:13)
  3 thorn hunters
  2 shadow dragons (Vaults:5)
  The ghost of Topn the Fencer, an adept DrGl of Ashenzari (Depths:1)
  3 tengu reavers
  A storm dragon (Vaults:5)
  2 nagarajas (Snake:2)
  8 revenants
  An azure jelly (Coc:2)
  A fenstrider witch (Swamp:3)
  3 narguns
  9 frost giants
  11 vault wardens
  The ghost of AvatarAndi78 the Fencer, a journeyman MiFi of Makhleb (Orc:2)
  10 fire giants
  3 balrugs
  7 deep elf sorcerers
  2 iron dragons (Depths:2)
  3 curse skulls
  A deep elf elementalist (Elf:3)
  8 ghouls
  5 reapers
  Aizul (Vaults:1)
  11 ironbound preservers
  2 war gargoyles
  4 orc warlords
  20 very ugly things
  4 elemental wellsprings
  7 stone giants
  7 vampire knights
  4 eleionomae
  A minotaur (Gauntlet)
  6 bunyips
  11 deep elf annihilators
  3 dire elephants (Vaults:1)
  3 entropy weavers
  5 deep elf demonologists
  A lorocyproca (Hell)
  12 eidola
  10 deep elf death magi
  3 blizzard demons
  4 mummy priests (Tomb:1)
  12 jiangshi
  An iron golem (Hell)
  11 ettins
  2 great orbs of eyes
  4 ice dragons
  9 deep elf high priests
  2 hell beasts (Depths:2)
  5 ironbound thunderhulks
  A rakshasa (Depths:1)
  4 boulder beetles
  11 yaktaur captains
  7 naga warriors
  A peacekeeper (Vaults:4)
  Harold (D:8)
  24 vault guards
  Erolcha (D:10)
  2 juggernaut simulacra (Depths:1)
  23 hydras
  2 salamander tyrants (Snake:4)
  6 ironbound frosthearts
  A catoblepas (Depths:1)
  2 caustic shrike simulacra
  12 alligators
  2 ghost crabs
  An ogre mage (Vaults:5)
  9 centaur warriors
  Erica (Lair:2)
  16 anacondas
  5 death knights
  29 dancing weapons
  9 two-headed ogres
  A spectral stone giant (Crypt:3)
  A deep troll shaman (Depths:2)
  2 deep troll earth magi (Vaults:5)
  17 death scarabs (Tomb:1)
  5 death yaks (Lair:6)
  6 hell hogs
  An orc high priest (Orc:2)
  13 naga sharpshooters
  11 vampire magi
  10 shock serpents
  A shock serpent (shapeshifter) (Elf:3)
  3 spectral spriggans (Crypt:3)
  36 hell knights
  A spectral dire elephant (Crypt:3)
  7 soul eaters
  18 deep elf knights
  11 sun demons
  14 shadow wraiths (Crypt:3)
  34 skeletal warriors
  A bunyip zombie (Crypt:1)
  A wretched star (Gauntlet)
  7 salamander mystics
  A storm dragon skeleton (Crypt:2)
  A titan skeleton (Crypt:2)
  A death drake (Swamp:4)
  3 iron trolls (Depths:2)
  A sixfirhy (Depths:1)
  A goliath frog (Swamp:4)
  11 swamp dragons
  A quicksilver dragon simulacrum (Coc:1)
  8 sea snakes
  A glowing orange brain (shapeshifter) (Vaults:5)
  7 flayed ghosts
  47 deep trolls
  5 spriggan druids
  2 golden dragon zombies
  5 bog bodies
  8 deep elf archers
  Pikel (D:4)
  10 naga ritualists
  26 phantasmal warriors
  3 bunyip skeletons
  13 ironbound convokers
  A fenstrider witch simulacrum (Crypt:1)
  14 orc knights
  6 harpies
  The ghost of Ostrozub the Basher, a novice GrFi of Hepliaklqana (D:8)
  18 mana vipers
  11 necromancers
  A lindwurm (Snake:4)
  31 ugly things
  6 wizards
  28 deep elf pyromancers
  A wolf spider (D:15)
  17 deep elf zephyrmancers
  2 will-o-the-wisps
  A spectral fire dragon (Crypt:3)
  4 cyclopes
  17 salamanders
  An oklob plant (Lair:6)
  3 manticores
  5 orc sorcerers (Orc:2)
  A moth of wrath (shapeshifter) (Vaults:4)
  12 elephants (Lair:6)
  A shock serpent zombie (Crypt:2)
  3 ice statues
  20 vault sentinels
  6 smoke demons
  2 molten gargoyles (Hell)
  38 black mambas
  A gargoyle (D:14)
  2 centaur zombies (D:11)
  6 naga magi
  Joseph (D:9)
  2 torpor snails (Lair:6)
  7 rust devils
  3 titan simulacra
  A naga zombie (Crypt:2)
  A dire elephant skeleton (Crypt:1)
  7 guardian serpents
  2 spriggan skeletons (Crypt:2)
  An eye of devastation (Gauntlet)
  11 cane toads
  2 rime drakes
  37 yaktaurs
  15 freezing wraiths
  A kobold demonologist (D:11)
  3 anaconda simulacra
  2 golden dragon simulacra (Coc:2)
  An iron troll zombie (Crypt:3)
  A bunyip simulacrum (Coc:1)
  An iron giant simulacrum (Coc:2)
  A tormentor (Depths:1)
  A demonic crawler (Hell)
  An elf zombie (Vaults:2)
  9 ice devils
  An efreet (D:14)
  14 komodo dragons
  11 guardian mummies
  A spectral naga (Crypt:3)
  A harpy zombie (Crypt:2)
  An entropy weaver simulacrum (IceCv)
  A jumping spider (Vaults:1)
  2 queen bees (shapeshifter)
  5 trolls
  A meliai (shapeshifter) (Vaults:5)
  A red devil (Depths:1)
  3 meliai (D:15)
  16 polar bears (Lair:6)
  A shadow dragon simulacrum (Coc:1)
  8 tyrant leeches
  5 hornets
  A hornet (shapeshifter) (Vaults:5)
  An iron troll skeleton (Crypt:2)
  35 slime creatures
  A wind drake (shapeshifter) (D:15)
  Grinder (Sewer)
  A boulder beetle zombie (Crypt:2)
  A hydra skeleton (Crypt:1)
  A harpy skeleton (Crypt:3)
  25 blink frogs
  12 flying skulls
  7 small abominations (Gauntlet)
  2 stone giant simulacra
  11 dream sheep (Lair:6)
  A raiju (Lair:6)
  4 redbacks
  A guardian serpent skeleton (Crypt:1)
  11 shadows
  5 air elementals
  4 ushabtiu (Tomb:1)
  5 spriggans
  A spriggan (shapeshifter) (Elf:2)
  A black mamba skeleton (Crypt:1)
  2 water elementals (Elf:2)
  A fire bat (shapeshifter) (Vaults:5)
  2 fire dragon skeletons
  4 wyverns
  16 wraiths
  A ynoxinul (Depths:1)
  4 fire elementals
  A basilisk (Lair:5)
  2 large abominations (Gauntlet)
  4 dire elephant simulacra
  A golden eye (shapeshifter) (Vaults:5)
  51 yaks
  4 hogs (D:13)
  A golden eye (Gauntlet)
  A neqoxec (Gauntlet)
  Grum (D:8)
  16 vampire mosquitoes
  4 death yak simulacra (IceCv)
  2 steam dragons
  28 wargs
  5 harpy simulacra
  A warg (shapeshifter) (Vaults:5)
  An ogre zombie (Vaults:2)
  19 swamp worms
  An acid dragon (D:14)
  38 nagas
  9 water moccasins
  14 hell hounds (Lair:6)
  A hydra simulacrum (Coc:1)
  7 swamp drakes
  A snapping turtle zombie (Crypt:1)
  46 orc warriors
  A black bear (shapeshifter) (D:13)
  3 sky beasts
  12 black bears
  3 ettin simulacra
  21 wolves
  10 ogres
  4 necrophages
  3 phantoms
  10 centaurs
  A lemure (D:4)
  A human zombie (Vaults:2)
  2 hog skeletons
  10 bullfrogs
  4 kobold brigands
  A two-headed ogre simulacrum (IceCv)
  A human skeleton (Vaults:2)
  2 scorpions
  5 gnoll sergeants
  An earth elemental (Elf:2)
  A water moccasin zombie (D:3)
  A wyvern skeleton (D:7)
  2 elephant simulacra (IceCv)
  2 howler monkeys (D:11)
  A quasit (Sewer)
  2 hounds
  2 centaur skeletons
  6 bullfrog skeletons
  27 orc priests
  Terence (D:2)
  7 gnoll shamans
  4 iguanas
  2 scorpion zombies (D:3)
  20 hell rats
  A polar bear simulacrum (IceCv)
  31 orc wizards
  3 spriggan simulacra
  A troll simulacrum (IceCv)
  A killer bee zombie (D:8)
  A deep dwarf zombie (Crypt:1)
  A dwarf skeleton (Crypt:3)
  A naga skeleton (Crypt:2)
  A hound zombie (D:3)
  2 hound skeletons
  25 mummies
  Robin (D:2)
  A howler monkey skeleton (D:5)
  17 gnolls
  10 adders
  5 naga simulacra (IceCv)
  A shadow imp (Sewer)
  4 white imps
  8 ufetubi
  An adder skeleton (Crypt:2)
  2 worms (D:2)
  A barachi zombie (Crypt:3)
  A dart slug (D:2)
  133 orcs
  A bat skeleton (Crypt:3)
  6 endoplasms
  5 giant cockroaches
  11 goblins
  10 hobgoblins
  4 jackals (D:2)
  6 quokkas
  9 ball pythons
  2 ball python skeletons (D:3)
  7 bats
  7 frilled lizards
  20 kobolds
  A kobold zombie (Sewer)
  An orc zombie (Crypt:1)
  A quokka skeleton (D:3)
  4 rats
  8 briar patches (Swamp:4)
2230 creatures vanquished.

Vanquished Creatures (collateral kills)
  3 shard shrikes (Coc:5)
  A lich (Tomb:1)
  A titan (Coc:5)
  A deep elf sorcerer (Vaults:5)
  An elemental wellspring (Coc:5)
  2 iron golems
  2 vault guards
  2 naga warriors (Snake:4)
  A juggernaut simulacrum (Coc:5)
  A caustic shrike simulacrum (Coc:5)
  A soul eater (Hell)
  3 hell knights
  2 orc knights (Bailey)
  3 ironbound convokers (Vaults:3)
  A mana viper (Snake:1)
  4 salamanders
  A guardian serpent (Snake:1)
  An oklob plant (Lair:6)
  A black mamba (Snake:1)
  A smoke demon (Hell)
  A vault sentinel (Vaults:1)
  2 naga magi (Snake:1)
  A hellion (Coc:5)
  2 kobold demonologists (D:11)
  A troll (D:11)
  2 slime creatures (Vaults:1)
  A harpy simulacrum (Coc:5)
  3 nagas
  12 orc warriors
  A gnoll sergeant (D:11)
  An orc priest (Orc:2)
  2 orc wizards (Orc:2)
  9 orcs
71 creatures vanquished.

Vanquished Creatures (others)
  A shard shrike (Coc:3)
  An eldritch tentacle (Tomb:1)
  Sonja (D:13)
  3 deep elf knights
  A deep elf pyromancer (Elf:3)
  A necromancer (Crypt:2)
  A guardian serpent (Snake:4)
  4 bloated husks
  A spriggan simulacrum (Coc:5)
  An orc warrior (Orc:2)
  2 hell rats (Hell)
  An endoplasm (Sewer)
  A kobold zombie (Sewer)
  A briar patch (Swamp:3)
  10 foxfires
  27 fungi
  45 plants
  4 toadstools (D:13)
106 creatures vanquished.

Grand Total: 2407 creatures vanquished

Notes
Turn   | Place    | Note
-------+----------+-------------------------------------------
     0 | D:1      | AvatarAndi78 the Minotaur Berserker began the quest for the
                  | Orb.
     0 | D:1      | Reached XP level 1. HP: 19/19 MP: 0/0
   117 | D:1      | Reached XP level 2. HP: 27/27 MP: 1/1
   166 | D:1      | Reached skill level 4 in Axes
   693 | D:1      | Found Juelican's Jewellery Boutique.
   812 | D:2      | Reached ** piety under Trog
   813 | D:2      | Reached XP level 3. HP: 32/34 MP: 2/2
   897 | D:2      | Noticed Robin
   912 | D:2      | Killed Robin
  1008 | D:2      | Noticed Terence
  1016 | D:2      | Killed Terence
  1017 | D:2      | Reached XP level 4. HP: 41/41 MP: 3/3
  1078 | D:2      | Reached skill level 5 in Fighting
  1656 | D:3      | Reached skill level 5 in Axes
  1656 | D:3      | Reached XP level 5. HP: 47/48 MP: 4/4
  2116 | D:3      | Reached XP level 6. HP: 56/56 MP: 5/5
  2379 | D:3      | Reached *** piety under Trog
  2772 | D:4      | Noticed Pikel
  2797 | D:4      | Killed Pikel
  2798 | D:4      | Reached skill level 6 in Axes
  2798 | D:4      | Reached skill level 5 in Armour
  2798 | D:4      | Reached XP level 7. HP: 63/63 MP: 6/6
  2959 | D:4      | Reached skill level 5 in Polearms
  2959 | D:4      | Reached XP level 8. HP: 70/70 MP: 7/7
  3658 | D:5      | Entered Level 5 of the Dungeon
  4031 | D:5      | Reached skill level 1 in Stealth
  4330 | D:5      | Found a staircase to the Ecumenical Temple.
  4582 | D:5      | Found a basalt altar of Yredelemnul.
  4927 | D:4      | Found a shimmering blue altar of Sif Muna.
  5038 | D:6      | Found a glowing drain.
  5052 | Sewer    | Entered a sewer
  5120 | Sewer    | Reached **** piety under Trog
  5168 | Sewer    | Found a burning altar of Makhleb.
  5183 | Sewer    | Reached XP level 9. HP: 71/79 MP: 8/8
  5197 | Sewer    | Noticed Grinder
  5202 | Sewer    | Killed Grinder
  5214 | Sewer    | Identified the +2 scale mail "Wuror" {Harm rF+ Str+4}
  5735 | D:6      | Found a hide-covered altar of Uskayaw.
  5739 | D:6      | Reached skill level 10 in Polearms
  6029 | D:6      | Reached ***** piety under Trog
  6271 | D:6      | Found a bloodstained altar of Trog.
  7279 | D:8      | Noticed Harold
  7290 | D:8      | Killed Harold
  7291 | D:8      | Reached XP level 10. HP: 90/90 MP: 9/9
  7385 | D:8      | Found an opulent altar of Gozag.
  7439 | D:8      | Noticed Grum
  7455 | D:8      | Killed Grum
  7867 | D:8      | Found a staircase to the Lair.
  7868 | D:8      | Found a transporter.
  7871 | D:8      | Found a transporter.
  7871 | D:8      | Noticed Ostrozub's ghost (novice GrFi)
  7872 | D:8      | Identified the +8 dire flail of Ashenzari's Generosity
                  | {spect, *Rage rElec rPois rC+}
  7872 | D:8      | Noticed a two-headed ogre
  8193 | D:9      | Found a stormy altar of Qazlal.
  8220 | D:9      | Noticed Joseph
  8240 | D:9      | Killed Joseph
  8361 | D:9      | Received a gift from Trog
  8423 | D:9      | Found a blossoming altar of Fedhas.
  8764 | D:9      | Reached skill level 10 in Fighting
  8943 | D:10     | Entered Level 10 of the Dungeon
  8945 | D:10     | Found Afuf's Antique Weapon Shoppe.
  8953 | D:10     | Bought a brightly glowing war axe for 246 gold pieces
  8953 | D:10     | Identified the +6 war axe "Romevy" {holy, Will+ Int+3 SInv}
                  | (You bought it in a shop on level 10 of the Dungeon)
  8971 | D:10     | Noticed Erolcha
  8979 | D:10     | Killed Erolcha
  9106 | D:10     | Reached XP level 11. HP: 78/100 MP: 10/10
  9194 | D:10     | Found a flagged portal.
  9203 | Bailey   | Entered a bailey
  9279 | Bailey   | Noticed an orc knight
  9280 | Bailey   | Noticed an orc knight
  9292 | Bailey   | Reached skill level 7 in Axes
  9294 | Bailey   | Reached skill level 1 in Shields
  9302 | Bailey   | Killed an orc knight
  9303 | Bailey   | Noticed an orc knight
  9311 | Bailey   | Killed an orc knight
  9315 | Bailey   | Noticed an orc knight
  9318 | Bailey   | Killed an orc knight
  9319 | Bailey   | Reached skill level 8 in Axes
  9353 | Bailey   | Killed an orc knight
  9354 | Bailey   | Reached skill level 5 in Dodging
  9527 | Bailey   | Acquired the +4 hat "Zubosh" {Dex+3}
  9907 | D:10     | Found a portal to a secret trove of treasure.
 10045 | Lair:1   | Entered Level 1 of the Lair of Beasts
 10575 | Lair:1   | Noticed Gastronok
 10590 | Lair:1   | Killed Gastronok
 10591 | Lair:1   | Reached skill level 9 in Axes
 10669 | Lair:1   | Reached skill level 10 in Axes
 10682 | Lair:1   | Reached skill level 10 in Armour
 11383 | Lair:2   | Noticed Erica
 11399 | Lair:2   | Killed Erica
 11400 | Lair:2   | Reached skill level 1 in Throwing
 11465 | Lair:2   | Reached XP level 12. HP: 102/110 MP: 11/11
 11509 | Lair:2   | Found a gate leading to a gauntlet.
 11545 | Gauntlet | Entered a Gauntlet
 11545 | Gauntlet | Found a transporter.
 11545 | Gauntlet | Found a runed translucent door.
 11545 | Gauntlet | Found a transporter.
 11720 | Gauntlet | Found a runed translucent door.
 11721 | Gauntlet | Gained mutation: You passively dampen the noise of your
                  | surroundings. [potion of mutation]
 11721 | Gauntlet | Gained mutation: You are dopey. (Int -2) [potion of
                  | mutation]
 11721 | Gauntlet | Gained mutation: You sometimes lose the ability to read
                  | scrolls when taking damage. [potion of mutation]
 11721 | Gauntlet | Gained mutation: Your spells are a little harder to cast,
                  | but a little more powerful. [potion of mutation]
 11722 | Gauntlet | Lost mutation: You sometimes lose the ability to read
                  | scrolls when taking damage. [potion of mutation]
 11722 | Gauntlet | Lost mutation: You are dopey. (Int -2) [potion of mutation]
 11722 | Gauntlet | Gained mutation: You tend to lose your temper in combat.
                  | [potion of mutation]
 11723 | Gauntlet | Lost mutation: You tend to lose your temper in combat.
                  | [potion of mutation]
 11723 | Gauntlet | Lost mutation: Your spells are a little harder to cast, but
                  | a little more powerful. [potion of mutation]
 11723 | Gauntlet | Lost mutation: You passively dampen the noise of your
                  | surroundings. [potion of mutation]
 11723 | Gauntlet | Gained mutation: You have hidden genetic potential. [potion
                  | of mutation]
 11723 | Gauntlet | Gained mutation: You are weak. (Str -2) [potion of
                  | mutation]
 11723 | Gauntlet | Lost mutation: You have hidden genetic potential. [potion
                  | of mutation]
 11723 | Gauntlet | Gained mutation: You have sharp toenails. [potion of
                  | mutation]
 11724 | Gauntlet | Lost mutation: You are weak. (Str -2) [potion of mutation]
 11724 | Gauntlet | Lost mutation: You have sharp toenails. [potion of
                  | mutation]
 11724 | Gauntlet | Gained mutation: You have large cloven feet. [potion of
                  | mutation]
 11724 | Gauntlet | Gained mutation: Your movements are slightly less
                  | encumbered by armour. (ER -2) [potion of mutation]
 11727 | Gauntlet | Reached skill level 1 in Short Blades
 11727 | Gauntlet | Reached skill level 11 in Axes
 11727 | Gauntlet | Reached skill level 1 in Crossbows
 11727 | Gauntlet | Reached skill level 5 in Shields
 11727 | Gauntlet | Reached skill level 1 in Invocations
 11727 | Gauntlet | Reached skill level 1 in Evocations
 11727 | Gauntlet | Reached XP level 13. HP: 116/116 MP: 11/13
 11728 | Gauntlet | Reached XP level 14. HP: 124/124 MP: 11/14
 11759 | Gauntlet | Found a transporter.
 11763 | Gauntlet | Found a transporter.
 11774 | Gauntlet | Found a transporter.
 11775 | Gauntlet | Found a transporter.
 11783 | Gauntlet | Found a transporter.
 11799 | Gauntlet | Found a transporter.
 11813 | Gauntlet | Found a transporter.
 11817 | Gauntlet | Found a transporter.
 11825 | Gauntlet | Found a transporter.
 11829 | Gauntlet | Found a transporter.
 12009 | Gauntlet | Identified the -1 pair of gloves of Darkness {rF++ Int-4
                  | Dex+5}
 12076 | Gauntlet | Reached skill level 12 in Axes
 12268 | Gauntlet | Identified the +2 pair of boots of the Twenty Seas {Dex+4}
 12316 | Gauntlet | Identified the ring of the Illusory Violins {rC+ Str+7
                  | Slay-3 SInv}
 13271 | Lair:3   | Found a staircase to the Snake Pit.
 13504 | Lair:3   | Reached skill level 13 in Axes
 13919 | Lair:3   | Found a staircase to the Swamp.
 13930 | Lair:3   | Reached skill level 5 in Throwing
 14957 | Lair:4   | Reached skill level 14 in Axes
 15298 | Lair:4   | Identified the +1 helmet of Minuhepn {+Inv}
 15931 | Lair:5   | You fall into a shaft and drop 1 floor!
 15931 | Lair:6   | Entered Level 6 of the Lair of Beasts
 15994 | Lair:6   | Received a gift from Trog
 16062 | Lair:6   | Reached skill level 15 in Axes
 16171 | Lair:6   | Found a frozen archway.
 16175 | Lair:6   | Reached XP level 15. HP: 111/134 MP: 15/15
 16212 | IceCv    | Entered an ice cave
 16731 | IceCv    | Reached skill level 16 in Axes
 17010 | Lair:6   | Found a staircase to the Slime Pits.
 17123 | Lair:6   | Received a gift from Trog
 17406 | Lair:6   | Reached skill level 17 in Axes
 18558 | D:11     | Received a gift from Trog
 18838 | D:11     | Found Postifa's Magic Scroll Shop.
 18846 | D:11     | Bought a scroll of enchant armour for 120 gold pieces
 18846 | D:11     | Bought a scroll of enchant armour for 120 gold pieces
 18846 | D:11     | Bought a scroll of identify for 32 gold pieces
 18846 | D:11     | Bought a scroll of enchant armour for 120 gold pieces
 18846 | D:11     | Bought a scroll of magic mapping for 56 gold pieces
 18846 | D:11     | Bought a scroll of identify for 32 gold pieces
 18846 | D:11     | Bought a scroll of identify for 32 gold pieces
 19547 | D:11     | Received a gift from Trog
 20214 | D:13     | Noticed Sonja
 20365 | D:12     | Reached XP level 16. HP: 145/145 MP: 16/16
 20399 | D:12     | Reached skill level 18 in Axes
 20404 | D:12     | Found a staircase to the Orcish Mines.
 20684 | D:13     | Noticed Kirke
 20695 | D:13     | Killed Kirke
 20876 | D:13     | Killed Sonja
 21495 | D:14     | Identified the +5 dagger of Pagryrph {spect, rF+ Dex-2
                  | SInv}
 21505 | D:14     | Reached skill level 10 in Shields
 22193 | D:14     | Received a gift from Trog
 22319 | D:14     | Found a gate to the Vaults.
 22470 | Orc:1    | Entered Level 1 of the Orcish Mines
 22631 | Orc:2    | Entered Level 2 of the Orcish Mines
 22656 | Orc:2    | Found Sarch's Antique Armour Shop.
 22887 | Orc:2    | Found Ytaott's General Store.
 22985 | Orc:2    | Bought a potion of might for 52 gold pieces
 23111 | Orc:2    | Found a staircase to the Elven Halls.
 23492 | Orc:2    | Found a runed translucent gate.
 23492 | Orc:2    | Found a runed translucent gate.
 23492 | Orc:2    | Found a runed translucent gate.
 23498 | Orc:2    | Noticed AvatarAndi78's ghost (journeyman MiFi)
 23624 | Orc:2    | Received a gift from Trog
 23812 | Orc:2    | Found Binymy's General Store.
 23817 | Orc:2    | Bought a scroll of acquirement for 832 gold pieces
 23819 | Orc:2    | Acquired the amulet "Afoe" {Acrobat +Inv rPois Str-4 Dex+9}
 24080 | Orc:2    | Found Xeucs's Antique Armour Emporium.
 24121 | Orc:2    | Found Ifots's Antique Weapon Shoppe.
 24214 | Orc:2    | Killed AvatarAndi78's ghost
 24515 | D:8      | Killed Ostrozub's ghost
 25335 | Orc:1    | Found Viudgh's General Store.
 25629 | Swamp:1  | Entered Level 1 of the Swamp
 25644 | Swamp:1  | Reached skill level 19 in Axes
 25922 | Swamp:1  | Reached skill level 15 in Fighting
 26404 | Swamp:2  | Identified the +8 rapier "Itatt" {holy, rCorr Int+3}
 27143 | Swamp:2  | Reached XP level 17. HP: 144/156 MP: 17/17
 27203 | Swamp:2  | Identified the +5 long sword "Ypsaso" {vorpal, Will+ rCorr
                  | Str+2 Stlth-}
 28604 | Swamp:4  | Entered Level 4 of the Swamp
 28676 | Swamp:4  | Reached skill level 20 in Axes
 28855 | Swamp:4  | Reached skill level 10 in Throwing
 28877 | Swamp:4  | Received a gift from Trog
 28934 | Swamp:4  | Got a decaying rune of Zot
 29946 | D:15     | Entered Level 15 of the Dungeon
 30020 | D:15     | Found a staircase to the Depths.
 30690 | D:15     | Received a gift from Trog
 31278 | Snake:1  | Entered Level 1 of the Snake Pit
 31453 | Snake:1  | Noticed Jorgrun
 31463 | Snake:1  | Killed Jorgrun
 31464 | Snake:1  | Reached skill level 21 in Axes
 31474 | Snake:1  | Reached XP level 18. HP: 166/166 MP: 18/18
 31626 | Snake:1  | Found Doakies's Weapon Shoppe.
 32518 | Snake:1  | Found Voucs's Armour Shop.
 33564 | Snake:2  | Found Laraarex's Book Boutique.
 33564 | Snake:2  | Found Edige's Jewellery Emporium.
 33565 | Snake:2  | Found Caxot's Book Boutique.
 33583 | Snake:2  | Bought a manual of Armour for 1440 gold pieces
 34079 | Snake:3  | Noticed Mara
 34081 | Snake:3  | Noticed AvatarAndi78's illusion
 34092 | Snake:3  | Killed Mara
 34473 | Snake:3  | Received a gift from Trog
 34555 | Snake:3  | Reached skill level 15 in Armour
 35793 | Snake:4  | Entered Level 4 of the Snake Pit
 35911 | Snake:4  | Reached skill level 22 in Axes
 36539 | Snake:4  | Reached skill level 15 in Shields
 36539 | Snake:4  | Reached XP level 19. HP: 177/177 MP: 19/19
 36566 | Snake:4  | Got a serpentine rune of Zot
 37024 | Snake:4  | Received a gift from Trog
 37344 | Snake:4  | Identified the +1 robe "Adintar" {Slay+5}
 37839 | Elf:1    | Entered Level 1 of the Elven Halls
 38462 | Elf:1    | Found Bumpiuqi's General Store.
 38462 | Elf:1    | Found Duogasae's Weapon Boutique.
 38471 | Elf:1    | Bought a scroll of blinking for 127 gold pieces
 38625 | Elf:1    | Paralysed by an air elemental for 1 turns
 38628 | Elf:1    | Paralysed by an air elemental for 1 turns
 39311 | Elf:2    | Received a gift from Trog
 39425 | Elf:2    | Paralysed by an air elemental for 1 turns
 39430 | Elf:2    | Paralysed by an air elemental for 1 turns
 39558 | Elf:2    | Found a shimmering blue altar of Sif Muna.
 39591 | Elf:2    | Reached skill level 23 in Axes
 39682 | Elf:2    | Found a runed translucent gate.
 39683 | Elf:2    | Found a runed translucent gate.
 39683 | Elf:2    | Found a runed translucent gate.
 40651 | Elf:3    | Entered Level 3 of the Elven Halls
 40827 | Elf:3    | Paralysed by an air elemental for 1 turns
 40844 | Elf:3    | Reached XP level 20. HP: 58/188 MP: 20/20
 41251 | Elf:3    | Identified the +8 long sword "Lubilob" {spect, rN+ Str+4
                  | Int+2 Dex-4}
 41313 | Elf:3    | Received a gift from Trog
 42027 | Elf:3    | Identified the +2 scimitar "Nurosiw" {vorpal, rN+++ Str+5
                  | Int-5}
 42069 | Elf:3    | Identified the +5 morningstar of Ifeucsut {holy, Int+2
                  | SInv}
 42069 | Elf:3    | Identified the ring of Hufurus {rPois rF+ Will+ Int+6}
 42394 | Elf:3    | Found the amulet of the Four Winds {rN+ Will+++ Clar}
 42396 | Elf:3    | Identified the ring of Surureg {rPois rN++ Str-5 Int+6
                  | Dex+2}
 42402 | Elf:3    | Identified the +9 hunting sling of Biatho {speed, rElec}
 42404 | Elf:3    | Identified the +1 scale mail "Domiady" {Int+3 Dex+4}
 42703 | Elf:3    | Identified the +8 short sword of a bailey {vorpal, rElec
                  | rCorr}
 42704 | Elf:3    | Identified the +1 cloak "Piarock" {rF+ Int+5 Dex+2}
 42710 | Elf:3    | Identified the +6 short sword of Mourning {vorpal, *Noise
                  | rN+ Will+ Stlth+}
 42715 | Elf:3    | Upgraded the game from 0.28-a0-969-g2dcde036d2 to
                  | 0.28-a0-998-gb9e9c7b67e
 43610 | Depths:1 | Entered Level 1 of the Depths
 43651 | Depths:1 | Found Fiskou's Pet Rocks.
 43942 | Depths:1 | Found Nata's Jewellery Emporium.
 43942 | Depths:1 | Found Costizos's Jewellery Emporium.
 43949 | Depths:1 | Found Kataruf's Assorted Antiques.
 43954 | Depths:1 | Found Bin Nuon's Assorted Antiques.
 43964 | Depths:1 | Bought a pair of embroidered gloves for 315 gold pieces
 44602 | Depths:1 | Found a gateway to Hell.
 44641 | Depths:1 | Reached skill level 5 in Long Blades
 44696 | Depths:1 | Noticed Topn's ghost (adept DrGl)
 44697 | Depths:1 | Noticed an ancient lich
 44736 | Depths:1 | Found a runed translucent door.
 44739 | Depths:1 | Found a runed translucent door.
 44761 | Depths:1 | Found a one-way gate to the infinite horrors of the Abyss.
 44806 | Depths:1 | Found a one-way gate leading to the halls of Pandemonium.
 44973 | Depths:1 | Found Kuyduu Pats's Armour Boutique.
 45683 | Vaults:1 | Entered Level 1 of the Vaults
 45757 | Vaults:1 | Received a gift from Trog
 45863 | Vaults:1 | Reached skill level 24 in Axes
 46496 | Vaults:1 | Noticed Aizul
 46511 | Vaults:1 | Killed Aizul
 46707 | Vaults:1 | Found Filyxt's Magic Scroll Shop.
 46716 | Vaults:1 | Reached ****** piety under Trog
 46718 | Vaults:1 | Received a gift from Trog
 47442 | Vaults:2 | Found Faiw's Assorted Antiques.
 48140 | Vaults:2 | Received a gift from Trog
 48150 | Vaults:2 | Reached XP level 21. HP: 189/197 MP: 21/21
 48530 | Vaults:3 | Noticed Jory
 48542 | Vaults:3 | Killed Jory
 48699 | Vaults:3 | Found Sefigaz's Magic Scroll Shoppe.
 48707 | Vaults:3 | Bought a scroll of enchant armour for 97 gold pieces
 49166 | Vaults:3 | Received a gift from Trog
 49424 | Vaults:3 | Identified the +4 whip "Luucuhou" {flame, Str+3}
 49814 | Vaults:3 | Found a huge runed gate.
 49814 | Vaults:3 | Found a huge runed gate.
 49814 | Vaults:3 | Found a huge runed gate.
 49814 | Vaults:3 | Found a huge runed gate.
 49814 | Vaults:3 | Found a huge runed gate.
 49814 | Vaults:3 | Found a huge runed gate.
 49815 | Vaults:3 | Found a huge runed gate.
 49815 | Vaults:3 | Found a huge runed gate.
 49816 | Vaults:3 | Found a huge runed gate.
 49816 | Vaults:3 | Found a huge runed gate.
 49819 | Vaults:3 | Found a huge runed gate.
 49819 | Vaults:3 | Found a huge runed gate.
 49819 | Vaults:3 | Found a huge runed gate.
 49819 | Vaults:3 | Found a huge runed gate.
 49819 | Vaults:3 | Found a huge runed gate.
 49819 | Vaults:3 | Found a huge runed gate.
 49820 | Vaults:3 | Found a huge runed gate.
 49821 | Vaults:3 | Found a huge runed gate.
 49822 | Vaults:3 | Found a huge runed gate.
 49830 | Vaults:3 | Found a huge runed gate.
 49830 | Vaults:3 | Found a huge runed gate.
 49830 | Vaults:3 | Found a huge runed gate.
 49830 | Vaults:3 | Found a huge runed gate.
 49830 | Vaults:3 | Found a huge runed gate.
 49830 | Vaults:3 | Found a huge runed gate.
 49831 | Vaults:3 | Found a huge runed gate.
 49832 | Vaults:3 | Found a huge runed gate.
 49833 | Vaults:3 | Found a huge runed gate.
 49841 | Vaults:3 | Found a huge runed gate.
 49841 | Vaults:3 | Found a huge runed gate.
 49841 | Vaults:3 | Found a huge runed gate.
 49841 | Vaults:3 | Found a huge runed gate.
 49841 | Vaults:3 | Found a huge runed gate.
 49841 | Vaults:3 | Found a huge runed gate.
 49842 | Vaults:3 | Found a huge runed gate.
 49843 | Vaults:3 | Found a huge runed gate.
 49992 | Vaults:3 | Found a staircase to the Crypt.
 50323 | Vaults:3 | Identified the +4 falchion of Wealth {protect, +Blink rElec
                  | Dex+4}
 50512 | Vaults:4 | Reached skill level 25 in Axes
 50871 | Vaults:4 | Received a gift from Trog
 51120 | Vaults:4 | Noticed a golden dragon
 51130 | Vaults:4 | Killed a golden dragon
 51139 | Vaults:4 | Noticed an ancient lich
 51150 | Vaults:4 | Killed an ancient lich
 51457 | Vaults:4 | Received a gift from Trog
 51977 | Vaults:4 | Reached XP level 22. HP: 209/209 MP: 22/22
 52089 | Vaults:4 | Reached skill level 15 in Throwing
 52384 | Vaults:5 | Entered Level 5 of the Vaults
 52849 | Vaults:5 | Reached skill level 26 in Axes
 52912 | Vaults:5 | Identified the amulet of Heewia {RegenMP rPois Will+ Str+10
                  | Stlth+}
 53237 | Vaults:4 | Reached skill level 10 in Long Blades
 53522 | Vaults:5 | Noticed a dread lich
 53526 | Vaults:5 | Killed a dread lich
 53534 | Vaults:5 | Received a gift from Trog
 53604 | Vaults:5 | Noticed a dread lich
 53608 | Vaults:5 | Gained mutation: You sometimes lose the ability to read
                  | scrolls when taking damage. [a cacodemon]
 53613 | Vaults:5 | Killed a dread lich
 53818 | Vaults:5 | Identified the ring "Cyeme Xiurr" {Will+ rCorr Dex+6}
 54790 | Vaults:5 | Noticed Frederick
 54805 | Vaults:5 | Killed Frederick
 54892 | Vaults:5 | Noticed a dread lich
 54903 | Vaults:5 | Killed a dread lich
 54926 | Vaults:5 | Noticed an ancient lich
 54941 | Vaults:5 | Killed an ancient lich
 55075 | Vaults:5 | Reached XP level 23. HP: 217/217 MP: 23/23
 55682 | Vaults:5 | Got a silver rune of Zot
 55970 | Vaults:5 | Found Pisuh's Book Shoppe.
 55985 | Vaults:5 | Identified the +1 robe of Undesirable Species {rF++ rC-
                  | Str+4 Archmagi}
 56162 | Crypt:1  | Entered Level 1 of the Crypt
 56721 | Crypt:1  | Received a gift from Trog
 57085 | Crypt:1  | Found a basalt altar of Yredelemnul.
 57312 | Crypt:1  | Reached skill level 27 in Axes
 57382 | Crypt:1  | Found a basalt altar of Yredelemnul.
 57917 | Vaults:1 | Bought a scroll of acquirement for 624 gold pieces
 57917 | Vaults:1 | Bought a scroll of holy word for 90 gold pieces
 57917 | Vaults:1 | Bought a scroll of acquirement for 624 gold pieces
 57922 | Vaults:1 | Acquired a manual of Armour
 57925 | Vaults:1 | Acquired a manual of Throwing
 58075 | Crypt:2  | Received a gift from Trog
 58616 | Crypt:3  | Entered Level 3 of the Crypt
 58805 | Crypt:3  | Identified the +9 war axe of Pealuzxyg {vorpal, Str+2}
 59000 | Vaults:1 | Lost mutation: Your movements are slightly less encumbered
                  | by armour. (ER -2) [potion of mutation]
 59000 | Vaults:1 | Lost mutation: You have large cloven feet. [potion of
                  | mutation]
 59000 | Vaults:1 | Gained mutation: You are dopey. (Int -2) [potion of
                  | mutation]
 59000 | Vaults:1 | Gained mutation: You are robust. (+10% HP) [potion of
                  | mutation]
 59001 | Vaults:1 | Lost mutation: You sometimes lose the ability to read
                  | scrolls when taking damage. [potion of mutation]
 59001 | Vaults:1 | Lost mutation: You are dopey. (Int -2) [potion of mutation]
 59001 | Vaults:1 | Gained mutation: You have hidden genetic defects. [potion
                  | of mutation]
 59001 | Vaults:1 | Gained mutation: You have a pair of large horns on your
                  | head. [potion of mutation]
 59113 | Vaults:4 | Lost mutation: You have a pair of large horns on your head.
                  | [potion of mutation]
 59113 | Vaults:4 | Lost mutation: You have hidden genetic defects. [potion of
                  | mutation]
 59113 | Vaults:4 | Gained mutation: You passively map a small area around you.
                  | [potion of mutation]
 59113 | Vaults:4 | Gained mutation: You sometimes lose the ability to read
                  | scrolls when taking damage. [potion of mutation]
 59376 | Elf:1    | Lost mutation: You are robust. (+10% HP) [potion of
                  | mutation]
 59376 | Elf:1    | Lost mutation: You sometimes lose the ability to read
                  | scrolls when taking damage. [potion of mutation]
 59376 | Elf:1    | Gained mutation: You tend to lose your temper in combat.
                  | [potion of mutation]
 59376 | Elf:1    | Lost mutation: You tend to lose your temper in combat.
                  | [potion of mutation]
 59376 | Elf:1    | Gained mutation: You have a beak for a mouth. [potion of
                  | mutation]
 60050 | Crypt:3  | Received a gift from Trog
 60079 | Crypt:3  | Found an ancient bone altar of Kikubaaqudgha.
 60401 | Crypt:3  | Found a staircase to the Tomb.
 60703 | Crypt:3  | Found the +6 arbalest "Damnation" {damnation}
 60736 | Crypt:3  | Identified the ring "Egustrapt" {rN+ Will+ Str+4}
 60736 | Crypt:3  | Identified the ring of the Wild Haggis {rN+ Stlth+}
 60843 | Crypt:3  | Reached XP level 24. HP: 225/228 MP: 23/23
 61458 | Depths:1 | Killed an ancient lich
 61465 | Depths:1 | Killed Topn's ghost
 61475 | Depths:1 | Received a gift from Trog
 61524 | Depths:1 | Identified the +3 rapier of Xogio {vorpal, rF+}
 61561 | Depths:2 | Found a stormy altar of Qazlal.
 62811 | Hell     | Entered the Vestibule of Hell
 62811 | Hell     | Noticed Geryon
 62877 | Hell     | Killed Geryon
 63691 | Hell     | Noticed Murray
 63744 | Depths:2 | Identified the +3 spear "Cujaziom" {vorpal, rPois rF+
                  | Will-} (Trog gifted it to you on level 2 of the Depths)
 63744 | Depths:2 | Received a gift from Trog
 64391 | Hell     | Killed Murray
 64759 | Hell     | Found a gateway to the freezing wastes of Cocytus.
 64818 | Hell     | Found a gateway to the Iron City of Dis.
 64946 | Hell     | Found a gateway to the ashen valley of Gehenna.
 64986 | Hell     | Received a gift from Trog
 65038 | Hell     | Found a gateway to the decaying netherworld of Tartarus.
 65482 | Tomb:1   | Entered Level 1 of the Tomb of the Ancients
 65634 | Tomb:1   | Paralysed by a sphinx for 4 turns
 65883 | Tomb:1   | Noticed a royal mummy
 65904 | Tomb:1   | Killed a royal mummy
 66350 | Tomb:1   | Reached XP level 25. HP: 102/240 MP: 21/23
 67334 | Coc:1    | Entered Level 1 of Cocytus
 67345 | Coc:1    | Noticed a shard shrike
 67345 | Coc:1    | Noticed a shard shrike
 67358 | Hell     | Killed a shard shrike
 67363 | Hell     | Killed a shard shrike
 67777 | Coc:2    | Noticed a shard shrike
 67778 | Coc:2    | Noticed a shard shrike
 67944 | Coc:2    | Killed a shard shrike
 67946 | Coc:2    | Killed a shard shrike
 68307 | Coc:3    | Noticed a shard shrike
 68307 | Coc:3    | Noticed a shard shrike
 68307 | Coc:3    | Noticed a shard shrike
 68307 | Coc:3    | Noticed a shard shrike
 68312 | Coc:3    | Killed a shard shrike
 68314 | Coc:3    | Killed a shard shrike
 68317 | Coc:3    | Killed a shard shrike
 68322 | Coc:3    | Killed a shard shrike
 68323 | Coc:3    | Reached skill level 15 in Long Blades
 68328 | Coc:3    | You are sucked into a shaft and drop 2 floors!
 68329 | Coc:5    | Noticed a shard shrike
 68329 | Coc:5    | Noticed a shard shrike
 68330 | Coc:5    | Noticed a shard shrike
 68331 | Coc:5    | Noticed a shard shrike
 68334 | Coc:5    | Noticed a shard shrike
 68335 | Coc:5    | Noticed a shard shrike
 68336 | Coc:5    | Killed a shard shrike
 68337 | Coc:5    | Killed a shard shrike
 68338 | Coc:5    | Killed a shard shrike
 68338 | Coc:5    | Killed a shard shrike
 68344 | Coc:5    | Killed from afar by a frost giant

Illustrated notes

Levels and vault maps discovered:
D:1:      lightli_iron_boxes, layout_basic, serial_shops, shop_fountains
D:2:      wad_pebble_path, layout_loops_ring, small_statue_intersection,
          uniq_terence, uniq_robin
D:3:      layout_basic, serial_undead, serial_undead_d, serial_undead_e,
          serial_undead_a, serial_undead_a
D:4:      layout_basic, nicolae_overflow_hidden_temple, st_stairs_1, uniq_pikel
D:5:      layout_basic, yredelemnul_altar_generic, minmay_temple_entry_statues
D:6:      layout_basic, mainiacjoe_overflow_alcove_2,
          nicolae_uskayaw_murder_on_the_dancefloor, portal_sewer_entry_d,
          chequers_mini_garden
D:7:      layout_loops_corners
D:8:      layout_loops_ring, lemuel_tele_altar, lair_entry_dummy,
          gammafunk_ghost_smash, minmay_misc_feat_pillars, uniq_grum,
          uniq_harold
D:9:      layout_roguey, grunt_temple_overflow_forces_of_nature, uniq_joseph
D:10:     layout_roguey, enter_bailey_8, serial_shops,
          nicolae_shop_advertising_works [nicolae_subvault_shop_adworks],
          enter_trove_2, uniq_erolcha
D:11:     lemuel_castle_with_subvaults [lemuel_castle_interior_carwin_2],
          layout_irregular_city, serial_shops, shop
D:12:     layout_gridville, orc_0_dummy, minivault_16
D:13:     layout_cave_pools, minmay_gold_behind_fungi, uniq_sonja, uniq_kirke
D:14:     layout_loops_ring, erik_vaults_1, hex_large,
          kennysheep_generic_room_10
D:15:     hangedman_depths_entry_try_elsewhere_first, layout_basic,
          minmay_door_square
Lair:1:   layout_gridlike, infiniplex_staircase_pool, grunt_megastairs_1,
          uniq_gastronok
Lair:2:   layout_misc_corridors, gauntlet_entry_generic,
          chequers_serial_rivers_room_b, infiniplex_staircase_pool_2, uniq_erica
Lair:3:   layout_small_grid, minmay_swamp_entry_swarm,
          guppyfry_snake_entry_island, grunt_forest_small_clearing_treed,
          grunt_megastairs_2
Lair:4:   layout_small_grid, serial_bayou_shore_b
Lair:5:   layout_long_grid
Lair:6:   hangedman_lair_caniforms_friends, layout_regular_city,
          minmay_slime_entry_oklob_enclosed,
          portal_ice_cave_entry_animals_and_master, minivault_19,
          grunt_forest_stairs_basic
Swamp:1:  layout_falls_marsh, serial_swamp_ruin, evilmike_swamp_ruin_rubble_1,
          evilmike_swamp_ruin_house_3
Swamp:2:  layout_basic_swamp, evilmike_swamp_ruin_house_2
Swamp:3:  layout_basic_swamp, nicolae_swamp_dense_foliage, swamp_pool1
Swamp:4:  swamp, layout_basic_swamp, nicolae_swamp_big_swirl
Snake:1:  layout_layer_cave, serial_shops, nicolae_shop_crystal, shop,
          grunt_megastairs_5, uniq_jorgrun
Snake:2:  layout_misc_corridors, serial_bayou_crossing, minmay_shop_grove
Snake:3:  layout_chambers, serial_bayou_shore_a, uniq_mara
Snake:4:  snake_pit_salamanders_mu, layout_misc_corridors, serial_bayou_ford_a
Orc:1:    layout_caves, serial_shops,
          nicolae_shop_temple_entry_statues_fountains
Orc:2:    grunt_orc_community_town_hall, layout_caves,
          grunt_orc_community_big_house_1, grunt_orc_community_big_house_2,
          grunt_orc_community_house_1, grunt_orc_community_house_1,
          grunt_orc_community_house_1, grunt_orc_community_house_1,
          grunt_orc_community_house_1, grunt_orc_community_house_2,
          ebering_ghost_rock_garden, serial_shops, shop, basic_altar,
          mines1_david
Elf:1:    nicolae_elf_arrival_fired_up, layout_gridlike,
          hangedman_elf_represent, minmay_shoptagon
Elf:2:    nicolae_elf_blades_crystal_corner, layout_geoelf_diagonals,
          basic_altar
Elf:3:    minmay_elf_hall_statues, layout_loops_cross
Vaults:1: nicolae_vaults_twisting_passages, nicolae_vaults_network_barrier,
          hangedman_vaults_cutoff, v_alt_pattern_1,
          ontoclasm_vaults_decontamination, v_misc_24,
          vaults_standard_mumra_lines, hangedman_vaults_impose,
          vaults_dpeg_ring, special_room_vaults [special_room_orc],
          vaults_dpeg_doors, nicolae_vaults_little_squares_2,
          layout_vaults_omnibox, serial_shops, nicolae_shop_crystal, uniq_aizul
Vaults:2: vaults_room_ringed_pool, hangedman_vaults_cutoff,
          nicolae_vaults_circle_grid_a, vaults_mumra_chevron_long,
          vaults_room_large_hall, nicolae_vaults_little_squares_4,
          nicolae_vaults_little_squares_6, nicolae_vaults_mini_display_case,
          vaults_room_fours, ontoclasm_vaults_misaligned,
          grunt_vaults_hallway_short, layout_vaults_big_room, serial_shops,
          nicolae_shop_crystal
Vaults:3: nicolae_vaults_angled_halls, hangedman_vaults_nails,
          nicolae_vaults_diagonal_hallway_9, nicolae_vaults_little_squares_1,
          minmay_crypt_entry_simple_plaza, v_alt_pattern_6, not_door_vault_due,
          ontoclasm_vaults_loading_screen, nicolae_vaults_little_squares_3,
          grunt_vaults_hallway_short, layout_vaults_quadrants, serial_shops,
          shop, uniq_jory
Vaults:4: v_rooms_3, st_quartered_hall, vaults_room_corners, v_misc_5,
          v_rooms_4, v_misc_27, grunt_vaults_swirl, ontoclasm_vaults_pinch,
          vaults_room_stairs_pillars, nicolae_vaults_theta,
          nicolae_vaults_little_squares_4, vaults_mumra_chevron,
          vaults_room_semicircle, layout_vaults_omnicross
Vaults:5: uniq_frederick
Crypt:1:  layout_chaotic_city, minivault_23, hangedman_feature_mirror
Crypt:2:  layout_misc_corridors, minivault_4
Crypt:3:  church_of_pain_bobbens, layout_chaotic_city,
          nicolae_tomb_entry_grand_gallery
Tomb:1:   uniq_mennas
Depths:1: layout_cave_shapes, muffindrake_ghost_dual_entry, abyss_entry,
          grunt_pan_entry_zigzag, roderic_serpentine_path, hell_entry,
          serial_shops, nicolae_diamond_shop, grunt_decor_fettered,
          minmay_crystal_room, minmay_shop_grid_forest, kennysheep_path_1,
          roderic_nine_men_s_morris, corexii_leaking_fountain,
          grunt_ministairs_1, hangedman_abyss_or_decor_passed,
          guppyfry_shop_earth
Depths:2: nicolae_cairo_tiling, layout_gridville, abyss_entry,
          grunt_qazlal_clouds, grunt_mini_vestibule, pan_entry,
          minmay_staircase_windowed_large
Hell
Coc:1:    layout_cocytus_water_paths
Coc:2:    layout_ice_bergs
Coc:3:    layout_ice_bergs
Coc:5:    layout_cocytus_delve

Skill      XL: |  1  2  3  4  5  6  7  8  9 10 11 12 13 14 15 16 17 18 19 20 21 22 23 24 25 |
---------------+----------------------------------------------------------------------------+-----
Fighting       | 4 5 6 7 8 10 11 12 13 15 16 17 18 19 20 21 22 23 | 23.0
Axes           | 4 5 6 10 11 15 17 19 21 22 23 24 25 26 27 | 27.0
Armour         | 3 4 5 6 7 8 10 11 12 13 14 15 17 18 19 20 21 | 21.8
Dodging        | 3 4 5 6 |  6.0
Polearms       | 4 5 8 12 13 | 13.9
Stealth        | 1 2 3 4 |  4.1
Shields        | 4 5 7 9 11 13 15 16 17 18 20 21 23 | 23.8
Throwing       | 1 3 6 8 9 10 12 13 14 15 17 19 20 | 20.2
Short Blades   | 1 2 |  2.3
Long Blades    | 2 3 6 9 10 12 14 15 | 15.1
Bows           | 2 |  2.7
Crossbows      | 1 2 |  2.3
Unarmed Combat | 2 3 |  3.1
Invocations    | 1 2 |  2.1
Evocations     | 1 2 |  2.8

Action                   |  1- 3 |  4- 6 |  7- 9 | 10-12 | 13-15 | 16-18 | 19-21 | 22-24 | 25-27 || total
-------------------------+-------+-------+-------+-------+-------+-------+-------+-------+-------++-------
Melee: Hand axe          |    71 |    72 |       |       |       |       |       |       |       ||   143
       Headbutt          |     7 |    21 |    37 |    52 |   362 |   568 |   563 |   790 |    50 ||  2450
       Halberd           |       |    43 |   296 |   102 |       |       |       |       |       ||   441
       War axe           |       |       |       |   143 |   919 |  1545 |  1541 |  1870 |   121 ||  6139
       Peck              |       |       |       |       |       |       |       |   312 |    41 ||   353
Throw: Javelin           |       |       |       |     6 |     9 |    55 |    19 |    29 |       ||   118
       Boomerang         |       |       |       |       |       |     1 |    20 |   120 |    23 ||   164
Invok: Berserk           |     2 |     2 |     3 |     8 |    14 |    19 |     9 |    18 |     2 ||    77
       Trog's Hand       |     1 |     1 |     4 |     7 |    10 |    17 |    17 |    45 |     6 ||   108
       Brothers in Arms  |       |       |       |     3 |     2 |     5 |     4 |     6 |       ||    20
 Abil: Evoke Invisibilit |       |       |       |       |       |       |       |       |     1 ||     1
Evoke: Wand              |       |       |       |     6 |     2 |     3 |       |     5 |     1 ||    17
       Phial of floods   |       |       |       |       |     1 |       |       |       |       ||     1
  Use: Scroll            |       |       |     6 |    19 |    16 |    12 |     4 |     8 |     4 ||    69
       Potion            |       |       |       |    10 |     1 |    10 |     8 |    10 |       ||    39
 Stab: Invisible         |       |       |       |     2 |       |     7 |       |       |     1 ||    10
       Distracted        |       |       |       |       |       |       |       |     2 |       ||     2
Armor: Leather armour    |    10 |       |       |       |       |       |       |       |       ||    10
       Ring mail         |    12 |       |       |       |       |       |       |       |       ||    12
       Scale mail        |       |    50 |    56 |    60 |       |       |       |       |       ||   166
       Chain mail        |       |       |    63 |       |       |       |       |       |       ||    63
       Crystal plate arm |       |       |       |    62 |   606 |   673 |   505 |   744 |    65 ||  2655
Dodge: Dodged            |    46 |    61 |   129 |    96 |   282 |   460 |   401 |   501 |    37 ||  2013
Block: Kite shield       |       |       |       |    64 |   579 |  1130 |  1216 |  1578 |   143 ||  4710
       Reflection        |       |       |       |       |     4 |   104 |   101 |    15 |    12 ||   236

Table legend: (Time is in decaauts)
 A = Elapsed time spent in this place.
 B = Non-inter-level travel time spent in this place.
 C = Inter-level travel time spent in this place.
 D = Time resting spent in this place.
 E = Time spent auto-exploring this place.
 F = Levels seen in this place.
 G = Mean time per level.
                   A        B        C        D        E       F      G
               +--------+--------+--------+--------+--------+-----+--------+
         Total |  67631 |  60883 |   6748 |      0 |  48062 |  54 | 1252.4 |
       Dungeon |  16923 |  14145 |   2778 |      0 |  11604 |  15 | 1128.2 |
          Lair |   7075 |   6434 |    641 |      0 |   5235 |   6 | 1179.2 |
         Swamp |   4078 |   3925 |    153 |      0 |   3099 |   4 | 1019.5 |
     Snake Pit |   6240 |   6047 |    193 |      0 |   4990 |   4 | 1560.0 |
  Orcish Mines |   2742 |   2326 |    416 |      0 |   1916 |   2 | 1371.0 |
   Elven Halls |   5078 |   4520 |    558 |      0 |   3618 |   3 | 1692.7 |
        Vaults |  11259 |  10248 |   1011 |      0 |   8191 |   5 | 2251.8 |
         Crypt |   3797 |   3326 |    471 |      0 |   2312 |   3 | 1265.7 |
          Tomb |   1613 |   1486 |    127 |      0 |    853 |   1 | 1613.0 |
        Depths |   4723 |   4420 |    303 |      0 |   3699 |   2 | 2361.5 |
          Hell |    879 |    834 |     45 |      0 |    483 |   1 |  879.0 |
       Cocytus |    790 |    742 |     48 |      0 |    571 |   4 |  197.5 |
         Sewer |    421 |    421 |      0 |      0 |    258 |   1 |  421.0 |
        Bailey |    348 |    348 |      0 |      0 |    128 |   1 |  348.0 |
      Ice Cave |    674 |    674 |      0 |      0 |    392 |   1 |  674.0 |
      Gauntlet |    985 |    985 |      0 |      0 |    708 |   1 |  985.0 |
               +--------+--------+--------+--------+--------+-----+--------+

Top non-repeatable levels by time:
Vaults:4: 3494 daAuts
Vaults:3: 2986 daAuts
Depths:2: 2938 daAuts
   Elf:2: 2559 daAuts
Vaults:1: 1793 daAuts
Depths:1: 1785 daAuts
   Orc:2: 1782 daAuts
Vaults:5: 1771 daAuts
    D:11: 1763 daAuts
 Snake:3: 1750 daAuts
 Snake:1: 1734 daAuts
 Crypt:3: 1723 daAuts
 Snake:4: 1698 daAuts
  Tomb:1: 1613 daAuts
    D:14: 1534 daAuts
